 Dungeon Crawl Stone Soup version 0.22-a0-603-gfc1114d (webtiles) character file.

81 Mamutox the Skirmisher (level 4, 0/40 HPs)
             Began as a Minotaur Monk on July 7, 2018.
             Slain by Sigmund
             ... wielding a +0 scythe
              (9 damage)
             ... on level 2 of the Dungeon.
             The game lasted 00:03:19 (1091 turns).

Mamutox the Skirmisher (Minotaur Monk)              Turns: 1091, Time: 00:03:20

Health: 0/40       AC:  6    Str: 15    XL:     4   Next: 19%
Magic:  3/3        EV: 11    Int:  7    God:
Gold:   63         SH:  0    Dex: 14    Spells: 3/3 levels left

rFire    . . .     SeeInvis .   p - +0 war axe
rCold    . . .     Gourm    .   (no shield)
rNeg     . . .     Faith    .   m - +0 scale mail (curse)
rPois    .         Spirit   .   (helmet restricted)
rElec    .         Reflect  .   (no cloak)
rCorr    .         Harm     .   (no gloves)
MR       .....                  (no boots)
Stlth    +.........             (no amulet)
HPRegen  0.13/turn              (no ring)
MPRegen  0.08/turn              (no ring)

@: no status effects
A: retaliatory headbutt, horns 2
a: no special abilities


You were on level 2 of the Dungeon.
You were not hungry.

You visited 1 branch of the dungeon, and saw 2 of its levels.

You collected 63 gold pieces.

Inventory:

Hand Weapons
 a - a +0 hand axe
 p - a +0 war axe (weapon)
Armour
 b - a +0 robe
 m - a cursed +0 scale mail (worn)
Jewellery
 l - an uncursed amulet of the acrobat {unknown}
Scrolls
 e - a scroll of identify {unknown}
 f - 2 scrolls of immolation {unknown}
 g - 2 scrolls of enchant armour {unknown}
 i - a scroll of enchant weapon {unknown}
 n - a scroll of amnesia {unknown}
 o - 3 scrolls of teleportation {unknown}
Potions
 h - a potion of degeneration {unknown}
 j - a potion of mutation {unknown}
 k - a potion of flight {unknown}
 q - a potion of ambrosia {unknown}
Comestibles
 c - 4 rations


   Skills:
 + Level 4.3 Fighting
 + Level 4.2 Axes
 + Level 1.6 Armour
 + Level 4.0 Dodging
 + Level 2.1 Stealth


You had 3 spell levels left.
You didn't know any spells.
Your spell library was empty.

Dungeon Overview and Level Annotations

Branches:
Dungeon (2/15)

Altars:
Cheibriados

Annotations:
D:2 Sigmund


Innate Abilities, Weirdness & Mutations

You reflexively headbutt those who attack you in melee.
You have a pair of horns on your head.


Message History

You slash the quokka!
You kill the quokka!
Something hits you! The frilled lizard barely misses you.
You furiously retaliate!
You headbutt the frilled lizard, but do no damage.
You hit the frilled lizard.
You kill the frilled lizard!
Your Dodging skill increases to level 4!
Something hits you.
Items here: ) †††† a club; a frilled lizard corpse; a quokka corpse; a rat corpse; a goblin corpse Something hits you!
* * * LOW HITPOINT WARNING * * *
Found a sharpened lead wand.
Something hits you but does no damage.
Items here: ) †††† a club; a frilled lizard corpse; a quokka corpse; a rat corpse; a goblin corpse You see here a helmet.
Something hits you!
You die...

##
#.........#
#
#.........#
#/........#
#..#
(...###
#)##
#.>..#..
#.#
###......#
#.#
..#.....#
#[#
#.......#
#@#
###[...#
####.#
..#....#
##....#
#......##
#..####
#.......#
#.##
#...(...#
#.#
#.(.....#
#.#
#.......#
#.#
........#
#.#


There were no monsters in sight!

Vanquished Creatures
  Terence (D:2)
  An adder (D:2)
  2 worms (D:2)
  2 dart slugs (D:1)
  A bat (D:2)
  2 giant cockroaches (D:1)
  5 goblins
  2 hobgoblins (D:1)
  3 jackals (D:1)
  5 kobolds
  3 quokkas (D:2)
  4 frilled lizards
  6 rats
37 creatures vanquished.

Notes
Turn   | Place    | Note
-------+----------+-------------------------------------------
     0 | D:1      | Mamutox the Minotaur Monk began the quest for the Orb.
     0 | D:1      | Reached XP level 1. HP: 19/19 MP: 0/0
   147 | D:1      | Reached XP level 2. HP: 24/27 MP: 1/1
   762 | D:2      | Noticed Terence
   776 | D:2      | Killed Terence
   776 | D:2      | Reached skill level 1 in Armour
   776 | D:2      | Reached XP level 3. HP: 22/33 MP: 2/2
  1010 | D:2      | Reached XP level 4. HP: 28/40 MP: 3/3
  1039 | D:2      | Found a snail-covered altar of Cheibriados.
  1075 | D:2      | Noticed Sigmund
  1091 | D:2      | Slain by Sigmund

Vault maps used:
D:1:      mrwooster_arrival_arrow
D:2:      lemuel_doored_altar, minmay_item_behind_shaft, uniq_sigmund,
          uniq_terence, uniq_robin

Skill      XL: |  1  2  3  4 |
---------------+-------------+-----
Fighting       | 4 |  4.3
Axes           | 4 |  4.2
Armour         | 1 |  1.6
Stealth        | 2 |  2.1
Dodging        | 4 |  4.0

Action                   |  1- 3 |  4- 6 || total
-------------------------+-------+-------++-------
Melee: Hand axe          |    62 |       ||    62
       Headbutt          |    16 |     2 ||    18
       War axe           |    10 |    10 ||    20
 Stab: Sleeping          |     1 |       ||     1
  Eat: Chunk             |       |     1 ||     1
Armor: Robe              |     4 |       ||     4
       Scale mail        |     6 |     4 ||    10
Dodge: Dodged            |    40 |     7 ||    47

Table legend:
 A = Spawn XP
 B = Non-spawn XP
 C = Spawn XP percentage of total XP
 D = Spawn monster count
 E = Non-spawn monster count
 F = Spawn count percentage of total count
 G = Total turns spent on level
                    A         B        C        D         E        F      G
               +---------+---------+-------+---------+---------+-------+---------
         Total |       0 |     116 |   0.0 |       0 |      37 |   0.0 |  1091
               +---------+---------+-------+---------+---------+-------+---------
           D:1 |       0 |      34 |   0.0 |       0 |      18 |   0.0 |   748
           D:2 |       0 |      82 |   0.0 |       0 |      19 |   0.0 |   343
               +---------+---------+-------+---------+---------+-------+---------
